Map: Pylon LE

Players

ManlyManMeat - Winner!

  • Race: Zerg Zerg
  • League: Diamond
  • Spawn Location: 5:00

DuttyCup

  • Race: Terran Terran
  • League: Diamond
  • Spawn Location: 11:00

VOD

Have the link to the VOD?

Description

Time

  • Played on: July 1, 2025, 12:32 p.m.
  • Length: 9:41
Show
View Real Time Build Order
Export as new Build Order

ManlyManMeat Zerg - Winner!

Build Orders: Hatch First 

Get SALT Encoding   

  12  0:00  Drone  
  13  0:08  Drone  
  14  0:18  Drone, Extractor  
  15  0:22  Overlord  
  15  0:41  Drone  
  16  0:47  Hatchery  
  15  0:51  Drone  
  16  0:57  Drone  
  16  0:59  Drone  
  18  1:12  Extractor  
  18  1:17  Spawning Pool  
  16  1:18  Drone  
  16  1:21  Drone  
  18  1:27  Drone  
  19  1:37  Drone  
  20  2:04  Queen x2  
  20  2:05  Zergling x4  
  20  2:07  Overlord  
  26  2:14  Metabolic Boost  
  26  2:20  Zergling x2  
  26  2:21  Zergling x2  
  28  2:30  Zergling x2, Spine Crawler  
  28  2:36  Drone x2  
  31  2:37  Drone  
  31  2:44  Drone  
  31  2:45  Drone  
  33  3:10  Overlord x3  
  33  3:21  Hatchery  
  32  3:28  Queen  
  32  3:30  Drone x4  
  32  3:32  Drone  
  39  3:38  Drone x2  
  39  4:11  Drone x3  
  39  4:12  Drone  
  39  4:14  Queen  
  45  4:17  Drone x3, Extractor  
  45  4:19  Drone x2  
  49  4:27  Queen  
  51  4:39  Evolution Chamber  
  51  4:40  Drone x2, Evolution Chamber  
  51  4:42  Drone x3, Queen  
  51  4:43  Overlord x2  
  55  5:12  Roach Warren  
  54  5:15  Drone x3, Extractor x2  
  54  5:16  Drone x3  
  54  5:17  Drone x2  
  54  5:18  Drone x4  
  54  5:19  Drone x2  
  66  5:41  Zerg Ground Armor Level 1, Zerg Missile Weapons Level 1  
  66  5:45  Lair  
  66  5:46  Queen  
  66  5:47  Queen  
  66  5:48  Overlord x3  
  70  5:52  Zergling x6  
  73  6:13  Roach x5  
  73  6:14  Roach x7  
  97  6:23  Overlord x2  
  78  6:51  Drone x2  
  78  6:52  Drone x5  
  85  6:56  Roach x8  
  100  7:11  Roach x3  
  105  7:20  Roach x2  
  105  7:21  Overlord, Roach  
  109  7:29  Glial Reconstitution  
  106  7:39  Spore Crawler  
  106  7:40  Spore Crawler  
  106  7:41  Spore Crawler  
  106  7:43  Spore Crawler  
  106  7:44  Spire  
  101  7:45  Drone x3  
  101  7:46  Drone x2  
  101  7:49  Extractor x2  
  104  7:58  Spore Crawler  
  103  7:59  Zergling x2  
  103  8:00  Zergling x16  
  110  8:23  Queen  
  110  8:24  Overlord x5  
  110  8:25  Overlord  
  110  8:26  Overseer x2  
  110  8:27  Hatchery, Queen  
  111  9:00  Corruptor x7  
Show
View Real Time Build Order
Export as new Build Order

DuttyCup Terran 

Build Orders:  

Get SALT Encoding   

  12  0:01  SCV  
  13  0:13  SCV  
  14  0:17  Supply Depot  
  14  0:25  SCV  
  15  0:39  SCV  
  15  0:41  Barracks  
  16  0:46  Refinery  
  16  0:53  SCV  
  17  1:05  SCV  
  17  1:07  Supply Depot  
  18  1:17  SCV  
  19  1:29  Barracks Reactor, SCV  
  20  1:43  Command Center  
  21  1:47  SCV  
  22  2:02  Refinery  
  22  2:07  Orbital Command  
  22  2:08  Marine x2  
  23  2:26  Marine x2  
  25  2:33  SCV  
  26  2:43  Factory  
  26  2:45  SCV  
  27  2:56  Orbital Command  
  27  2:58  SCV  
  28  3:00  Marine x2  
  30  3:10  SCV  
  31  3:14  Orbital Command  
  31  3:24  SCV  
  32  3:36  Barracks Tech Lab, SCV  
  32  3:40  SCV  
  34  3:41  Starport  
  34  3:42  Starport  
  34  3:48  SCV  
  32  3:51  Hellion x2  
  35  3:57  SCV  
  35  4:00  Marine, SCV  
  37  4:09  SCV  
  38  4:12  Hellion x2, SCV  
  38  4:13  Bunker  
  43  4:21  SCV  
  44  4:24  SCV  
  45  4:33  SCV  
  46  4:44  Starport Tech Lab, Medivac  
  46  4:45  Hellion x2  
  52  4:47  SCV x2  
  54  4:53  Supply Depot  
  54  4:57  Armory  
  54  5:00  Supply Depot  
  54  5:02  Supply Depot  
  54  5:14  Fusion Core  
  54  5:15  Hellion x2, SCV x2  
  54  5:18  Refinery  
  60  5:25  Starport Tech Lab  
  60  5:27  SCV  
  61  5:30  SCV  
  62  5:37  Hellion x2, Refinery  
  62  5:39  SCV  
  62  5:41  Supply Depot  
  67  5:44  SCV  
  68  5:57  SCV  
  68  5:58  Hellion x2, SCV  
  74  6:04  Weapon Refit  
  74  6:09  SCV  
  74  6:10  SCV  
  74  6:19  Hellion x2  
  78  6:26  Battlecruiser  
  83  6:37  Battlecruiser  
  74  6:51  SCV  
  58  7:03  SCV x2  
  61  7:08  Hellion x2  
  61  7:15  SCV  
  59  7:22  SCV  
  52  7:27  SCV  
  55  7:30  Hellion, Battlecruiser  
  55  7:34  SCV  
  61  7:39  SCV  
  62  7:46  SCV  
  63  7:51  SCV  
  65  7:58  Battlecruiser, SCV  
  65  8:03  SCV  
  72  8:10  SCV  
  73  8:15  SCV  
  74  8:22  SCV  
  74  8:27  Barracks, SCV  
  75  8:29  Barracks  
  75  8:31  Barracks, Engineering Bay  
  76  8:35  Battlecruiser  
  76  8:59  Command Center  
Tags
 
Matchup
TvZ
Replay Pack
Myownreplay2
Spawn Locations
Cross Positions
Add a new tag
Caveats
  • Supply blocks, unpowered buildings, or Contaminate may cause inaccurate times.
  • Supply counts are checked every 10 seconds.